| TOP OF THE 1ST |
|
Vanderbilt University Commodores batting - Pitching for Rice University Owls : RHP Ruben Lozano
|
|
Pitching: RHP Ruben Lozano
|
|
|
Batting: LHB Nate Greening
|
0-0: Foul Ball, location: 2F 0-1: Swinging Strike 0-2: Strikes out looking
|
|
Batting: RHB Alex Diaz
|
0-0: Swinging Strike 0-1: Called Strike 0-2: Ball 1-2: Foul Ball, location: 2F 1-2: Foul Ball, location: 2F 1-2: Foul Ball, location: 2F 1-2: Ball 2-2: Foul Ball, location: 2F 2-2: Strikes out swinging
|
|
Batting: RHB Luis Jara
|
0-0: Ball 1-0: Foul Ball, location: 2F 1-1: Foul Ball, location: 2F 1-2: Ball 2-2: Ball 3-2: Base on Balls
|
|
Batting: LHB Pete Mitchell
|
0-0: Called Strike 0-1: Ball 1-1: Ball 2-1: Ball 3-1: Base on Balls Luis Jara to second
|
|
Batting: LHB Jose Diaz
|
0-0: Foul Ball, location: 2F 0-1: Foul Ball, location: 2F 0-2: Foul Ball, location: 2F 0-2: Fly out, F8 (Flyball, 8RM, EV 90.0 MPH)
|
| Top of the 1st over - 0 runs, 0 hits, 0 errors, 2 left on base; Vanderbilt University 0 - Rice University 0 |
| BOTTOM OF THE 1ST |
|
Rice University Owls batting - Pitching for Vanderbilt University Commodores : RHP Hector Agudelo
|
|
Pitching: RHP Hector Agudelo
|
|
|
Batting: SHB Yu-hsui Lew
|
0-0: SINGLE (Groundball, P, EV 88.1 MPH) (infield hit)
|
|
Batting: RHB Alex Ruybalid
|
0-0: Called Strike 0-1: Swinging Strike 0-2: Foul Ball, location: 2F 0-2: SINGLE (Line Drive, 4M, EV 95.0 MPH) Yu-hsui Lew to second
|
|
Batting: RHB Fred Saxton
|
0-0: Called Strike 0-1: Ball 1-1: Ball 2-1: Fly out, F9 (Flyball, 9LD, EV 81.9 MPH)
|
|
Batting: LHB David Coatney
|
0-0: Foul Ball, location: 2F 0-1: Fielders Choice at 2nd, 6-4 (Groundball, 6S, EV 91.2 MPH) Yu-hsui Lew to third
|
|
Batting: SHB Joan Coucieiro
|
0-0: Hit by Pitch David Coatney to second
|
|
Batting: RHB Russ Kennett
|
0-0: Foul Ball, location: 2F 0-1: DOUBLE (Flyball, 78D, EV 106.9 MPH) Yu-hsui Lew scores David Coatney scores Joan Coucieiro to third
|
|
Batting: SHB Roderick Speed
|
0-0: Called Strike 0-1: Foul Ball, location: 2F 0-2: Ball 1-2: Ball 2-2: Strikes out looking
|
| Bottom of the 1st over - 2 runs, 3 hits, 0 errors, 2 left on base; Vanderbilt University 0 - Rice University 2 |
| TOP OF THE 2ND |
|
Vanderbilt University Commodores batting - Pitching for Rice University Owls : RHP Ruben Lozano
|
|
Batting: RHB Gary Smith
|
0-0: Called Strike 0-1: Ball 1-1: Ball 2-1: Foul Ball, location: 2F 2-2: Ball 3-2: DOUBLE (Flyball, 8LXD, EV 97.5 MPH)
|
|
Batting: LHB Mario Garza
|
0-0: Ball 1-0: Fly out, F9 (Flyball, 9D, EV 104.4 MPH) Runner from 2nd tags up, SAFE at 3rd with throw by RF
|
|
Batting: SHB Felipe Campanella
|
0-0: Ball 1-0: Called Strike 1-1: Called Strike 1-2: Foul Ball, location: 2F 1-2: Ball 2-2: Foul Ball, location: 2F 2-2: Ball 3-2: Base on Balls
|
|
Batting: RHB Pakiana Kileona
|
0-0: Ball 1-0: Foul Ball, location: 2F 1-1: Ball 2-1: Ball 3-1: Grounds into double play, 5-4-3 (Groundball, 56S, EV 82.5 MPH)
|
| Top of the 2nd over - 0 runs, 1 hit, 0 errors, 1 left on base; Vanderbilt University 0 - Rice University 2 |
| BOTTOM OF THE 2ND |
|
Rice University Owls batting - Pitching for Vanderbilt University Commodores : RHP Hector Agudelo
|
|
Batting: RHB Alex Valadez
|
0-0: Fly out, F8 (Flyball, 8LM, EV 88.8 MPH)
|
|
Batting: LHB Willie Marquez
|
0-0: Ground out U3 (Groundball, 3S, EV 89.4 MPH)
|
|
Batting: SHB Yu-hsui Lew
|
0-0: Ball 1-0: Called Strike 1-1: Ball 2-1: Swinging Strike 2-2: Foul Ball, location: 2F 2-2: Fly out, F3 (Line Drive, 3, EV 69.4 MPH)
|
| Bottom of the 2nd over - 0 runs, 0 hits, 0 errors, 0 left on base; Vanderbilt University 0 - Rice University 2 |
| TOP OF THE 3RD |
|
Vanderbilt University Commodores batting - Pitching for Rice University Owls : RHP Ruben Lozano
|
|
Batting: LHB Nate Greening
|
0-0: Bunt for hit to P - play at first, batter OUT! 1-3
|
|
Batting: RHB Alex Diaz
|
0-0: Foul Ball, location: 2F 0-1: Foul Ball, location: 2F 0-2: Fly out, F9 (Flyball, 9LS, EV 91.9 MPH)
|
|
Batting: RHB Luis Jara
|
0-0: Called Strike 0-1: SINGLE (Groundball, 56D, EV 105.6 MPH)
|
|
Batting: LHB Pete Mitchell
|
0-0: Ball 1-0: Ball Luis Jara steals 2nd base 2-0: Swinging Strike 2-1: Ball 3-1: Fly out, F8 (Line Drive, 8LD, EV 101.9 MPH)
|
| Top of the 3rd over - 0 runs, 1 hit, 0 errors, 1 left on base; Vanderbilt University 0 - Rice University 2 |
| BOTTOM OF THE 3RD |
|
Rice University Owls batting - Pitching for Vanderbilt University Commodores : RHP Hector Agudelo
|
|
Batting: RHB Alex Ruybalid
|
0-0: Swinging Strike 0-1: Swinging Strike 0-2: Ball 1-2: Ball 2-2: Ball 3-2: Strikes out swinging
|
|
Batting: RHB Fred Saxton
|
0-0: Foul Ball, location: 2F 0-1: Fly out, F8 (Line Drive, 8RM, EV 107.5 MPH)
|
|
Batting: LHB David Coatney
|
0-0: Ball 1-0: Ball 2-0: Called Strike 2-1: Ground out 6-3 (Groundball, 6, EV 108.1 MPH)
|
| Bottom of the 3rd over - 0 runs, 0 hits, 0 errors, 0 left on base; Vanderbilt University 0 - Rice University 2 |
| TOP OF THE 4TH |
|
Vanderbilt University Commodores batting - Pitching for Rice University Owls : RHP Ruben Lozano
|
|
Batting: LHB Jose Diaz
|
0-0: Called Strike 0-1: Ball 1-1: Fly out, F8 (Flyball, 8LM, EV 87.5 MPH)
|
|
Batting: RHB Gary Smith
|
0-0: Called Strike 0-1: Foul Ball, location: 2F 0-2: Foul Ball, location: 2F 0-2: Foul Ball, location: 2F 0-2: Foul Ball, location: 2F 0-2: Foul Ball, location: 2F 0-2: Foul Ball, location: 2F 0-2: Strikes out looking
|
|
Batting: LHB Mario Garza
|
0-0: Ground out 6-3 (Groundball, 6, EV 86.9 MPH)
|
| Top of the 4th over - 0 runs, 0 hits, 0 errors, 0 left on base; Vanderbilt University 0 - Rice University 2 |
| BOTTOM OF THE 4TH |
|
Rice University Owls batting - Pitching for Vanderbilt University Commodores : RHP Hector Agudelo
|
|
Batting: SHB Joan Coucieiro
|
0-0: Ball 1-0: Ball 2-0: Ball 3-0: Called Strike 3-1: Base on Balls
|
|
Batting: RHB Russ Kennett
|
0-0: Grounds into double play, 6-4-3 (Groundball, 6, EV 89.4 MPH)
|
|
Batting: SHB Roderick Speed
|
0-0: Swinging Strike 0-1: Foul Ball, location: 2F 0-2: Ball 1-2: Strikes out swinging
|
| Bottom of the 4th over - 0 runs, 0 hits, 0 errors, 0 left on base; Vanderbilt University 0 - Rice University 2 |
| TOP OF THE 5TH |
|
Vanderbilt University Commodores batting - Pitching for Rice University Owls : RHP Ruben Lozano
|
|
Batting: SHB Felipe Campanella
|
0-0: Called Strike 0-1: Ground out 6-3 (Groundball, 6, EV 102.5 MPH)
|
|
Batting: RHB Pakiana Kileona
|
0-0: Foul Ball, location: 2F 0-1: Ball 1-1: Ball 2-1: Swinging Strike 2-2: Ball 3-2: SINGLE (Groundball, 34D, EV 102.5 MPH)
|
|
Batting: LHB Nate Greening
|
0-0: Foul Ball, location: 2F 0-1: Called Strike 0-2: Ball 1-2: Fielders Choice at 2nd, 5-4 (Groundball, 5, EV 85.0 MPH)
|
|
Pitching: RHP Steve Seaman
|
|
|
Pinch Hitting: LHB Raul Aldaz
|
0-0: Ball Nate Greening steals 2nd, throwing error, E2 Nate Greening to third 1-0: Ball 2-0: Called Strike 2-1: Called Strike 2-2: Ground out 6-3 (Groundball, 6D, EV 80.0 MPH)
|
| Top of the 5th over - 0 runs, 1 hit, 1 error, 1 left on base; Vanderbilt University 0 - Rice University 2 |
| BOTTOM OF THE 5TH |
|
Rice University Owls batting - Pitching for Vanderbilt University Commodores : RHP Hector Agudelo
|
|
Now in CF: Raul Aldaz
|
|
|
Batting: RHB Alex Valadez
|
0-0: Ground out 6-3 (Groundball, P, EV 89.4 MPH)
|
|
Batting: LHB Willie Marquez
|
0-0: Ball 1-0: Called Strike 1-1: Called Strike 1-2: Ground out 6-3 (Groundball, 6M, EV 80.6 MPH)
|
|
Batting: SHB Yu-hsui Lew
|
0-0: Ground out 6-3 (Groundball, 6, EV 85.0 MPH)
|
| Bottom of the 5th over - 0 runs, 0 hits, 0 errors, 0 left on base; Vanderbilt University 0 - Rice University 2 |
| TOP OF THE 6TH |
|
Vanderbilt University Commodores batting - Pitching for Rice University Owls : RHP Steve Seaman
|
|
Batting: RHB Luis Jara
|
0-0: Ball 1-0: Ball 2-0: Ball 3-0: Base on Balls
|
|
Batting: LHB Pete Mitchell
|
0-0: Called Strike 0-1: Swinging Strike 0-2: Ball 1-2: Ball 2-2: Ball 3-2: Foul Ball, location: 2F 3-2: Base on Balls Luis Jara to second
|
|
Batting: LHB Jose Diaz
|
0-0: Called Strike 0-1: Swinging Strike 0-2: Ball 1-2: Ball 2-2: Strikes out swinging
|
|
Pitching: LHP Killian Wellman
|
|
|
Batting: RHB Gary Smith
|
0-0: Called Strike 0-1: Ball 1-1: Called Strike 1-2: Strikes out swinging
|
|
Pinch Hitting: SHB Hui Li
|
0-0: Foul Ball, location: 2F 0-1: Foul Ball, location: 2F 0-2: Ball 1-2: Foul Ball, location: 2F 1-2: Ball 2-2: Ball 3-2: Strikes out swinging
|
| Top of the 6th over - 0 runs, 0 hits, 0 errors, 2 left on base; Vanderbilt University 0 - Rice University 2 |
| BOTTOM OF THE 6TH |
|
Rice University Owls batting - Pitching for Vanderbilt University Commodores : RHP Hector Agudelo
|
|
Now in LF: Hui Li
|
|
|
Batting: RHB Alex Ruybalid
|
0-0: Swinging Strike 0-1: Ball 1-1: Called Strike 1-2: Foul Ball, location: 2F 1-2: Ball 2-2: Foul Ball, location: 2F 2-2: Strikes out swinging
|
|
Batting: RHB Fred Saxton
|
0-0: Foul Ball, location: 2F 0-1: Ball 1-1: Ball 2-1: Ground out 5-3 (Groundball, 56, EV 100.6 MPH)
|
|
Batting: LHB David Coatney
|
0-0: Ball 1-0: Foul Ball, location: 2F 1-1: Foul Ball, location: 2F 1-2: SINGLE (Groundball, 6S, EV 66.2 MPH) (infield hit)
|
|
Batting: SHB Joan Coucieiro
|
0-0: Ball 1-0: Swinging Strike 1-1: Called Strike 1-2: Foul Ball, location: 2F 1-2: Foul Ball, location: 2F 1-2: Ball 2-2: Ball 3-2: Strikes out swinging
|
| Bottom of the 6th over - 0 runs, 1 hit, 0 errors, 1 left on base; Vanderbilt University 0 - Rice University 2 |
| TOP OF THE 7TH |
|
Vanderbilt University Commodores batting - Pitching for Rice University Owls : LHP Killian Wellman
|
|
Batting: SHB Felipe Campanella
|
0-0: Ball 1-0: Foul Ball, location: 2F 1-1: Fly out, F9 (Line Drive, 9S, EV 94.4 MPH)
|
|
Batting: RHB Pakiana Kileona
|
0-0: Ground out 1-3 (Groundball, 13S, EV 69.4 MPH)
|
|
Pinch Hitting: RHB Esteban Acuna
|
0-0: Hit by Pitch
|
|
Batting: LHB Raul Aldaz
|
0-0: Foul Ball, location: 2F 0-1: Foul Ball, location: 2F 0-2: Ball Esteban Acuna is caught stealing 2nd base 2-6
|
| Top of the 7th over - 0 runs, 0 hits, 0 errors, 0 left on base; Vanderbilt University 0 - Rice University 2 |
| BOTTOM OF THE 7TH |
|
Rice University Owls batting - Pitching for Vanderbilt University Commodores : RHP Hector Agudelo
|
|
Now at 2B: Esteban Acuna
|
|
|
Batting: RHB Russ Kennett
|
0-0: Ground out 5-3 (Groundball, 25, EV 68.8 MPH)
|
|
Batting: SHB Roderick Speed
|
0-0: Ground out 5-3 (Groundball, 56, EV 85.6 MPH)
|
|
Batting: RHB Alex Valadez
|
0-0: Ball 1-0: Foul Ball, location: 2F 1-1: Swinging Strike 1-2: Ball 2-2: Fly out, F8 (Flyball, 8LM, EV 77.5 MPH)
|
| Bottom of the 7th over - 0 runs, 0 hits, 0 errors, 0 left on base; Vanderbilt University 0 - Rice University 2 |
| TOP OF THE 8TH |
|
Vanderbilt University Commodores batting - Pitching for Rice University Owls : LHP Killian Wellman
|
|
Pitching: LHP Joel Brown
|
|
|
Batting: LHB Raul Aldaz
|
0-0: Ball 1-0: Ground out 4-3 (Groundball, 4, EV 87.5 MPH)
|
|
Batting: RHB Luis Jara
|
0-0: Called Strike 0-1: Ball 1-1: Ball 2-1: Ball 3-1: Swinging Strike 3-2: Strikes out looking
|
|
Batting: LHB Pete Mitchell
|
0-0: Ball 1-0: Ball 2-0: Called Strike 2-1: Fly out, F9 (Flyball, 9S, EV 92.5 MPH)
|
| Top of the 8th over - 0 runs, 0 hits, 0 errors, 0 left on base; Vanderbilt University 0 - Rice University 2 |
| BOTTOM OF THE 8TH |
|
Rice University Owls batting - Pitching for Vanderbilt University Commodores : RHP Hector Agudelo
|
|
Pitching: LHP Kyle McGuire
|
|
|
Batting: LHB Willie Marquez
|
0-0: Ball 1-0: Called Strike 1-1: Swinging Strike 1-2: Ball 2-2: Strikes out swinging
|
|
Batting: SHB Yu-hsui Lew
|
0-0: Foul Ball, location: 2F 0-1: SINGLE (Line Drive, 8RS, EV 109.4 MPH)
|
|
Batting: RHB Alex Ruybalid
|
0-0: Ball 1-0: Called Strike 1-1: Ball 2-1: Ball Wild Pitch! Yu-hsui Lew to second 3-1: Swinging Strike 3-2: Base on Balls
|
|
Batting: RHB Fred Saxton
|
0-0: Foul Ball, location: 2F 0-1: SINGLE (Line Drive, 9LS, EV 95.0 MPH) Yu-hsui Lew to third Alex Ruybalid to second Runner from 3rd tries for Home, SAFE, throw by RF to home
|
|
Batting: LHB David Coatney
|
0-0: Ball 1-0: Called Strike 1-1: Called Strike 1-2: Ball 2-2: Foul Ball, location: 2F 2-2: Foul Ball, location: 2F 2-2: Strikes out swinging
|
|
Pitching: RHP Tyler Patel
|
|
|
Batting: SHB Joan Coucieiro
|
0-0: Ball 1-0: Ball 2-0: Fly out, F6 (Popup, 6MS, EV 81.2 MPH)
|
| Bottom of the 8th over - 1 run, 2 hits, 0 errors, 2 left on base; Vanderbilt University 0 - Rice University 3 |
| TOP OF THE 9TH |
|
Vanderbilt University Commodores batting - Pitching for Rice University Owls : LHP Joel Brown
|
|
Pitching: RHP John Kerfoot
|
|
|
Batting: LHB Jose Diaz
|
0-0: Called Strike 0-1: Ball 1-1: Swinging Strike 1-2: Strikes out swinging
|
|
Batting: RHB Gary Smith
|
0-0: Ball 1-0: Ball 2-0: SOLO HOME RUN (Flyball, 7LD, EV 93.1 MPH), Distance : 338 ft
|
|
Pinch Hitting: RHB Harry Torres
|
0-0: Swinging Strike 0-1: Ball 1-1: Ground out 6-3 (Groundball, 6S, EV 83.8 MPH)
|
|
Batting: SHB Felipe Campanella
|
0-0: Called Strike 0-1: Ball 1-1: Ball 2-1: Foul Ball, location: 2F 2-2: Strikes out swinging
|
| Top of the 9th over - 1 run, 1 hit, 0 errors, 0 left on base; Vanderbilt University 1 - Rice University 3 |
|